 Dungeon Sprint DCSS version 0.19-a0-1922-g1e9a4c1 (webtiles) character file.

219 LORDOFBUTT the Covert (level 5, -7/37 HPs)
             Began as a Spriggan Assassin on Oct 24, 2016.
             Was an Initiate of Dithmenos.
             Mangled by a merfolk
             ... wielding a +0 trident
              (8 damage)
             ... in the Dungeon (Sprint V: "Ziggurat Sprint").
             The game lasted 00:00:56 (90 turns).

LORDOFBUTT the Covert (Spriggan Assassin)             Turns: 90, Time: 00:00:57

Health: -7/37      AC:  3    Str: 13    XL:     5   Next: 63%
Magic:  6/6        EV: 24    Int: 12    God:    Dithmenos [......]
Gold:   0          SH:  0    Dex: 18    Spells: 0 memorised, 4 levels left

rFire  . . .     SeeInvis +     a - +2 dagger
rCold  . . .     Gourm    .     c - +0 robe
rNeg   . . .     Faith    .     (shield restricted)
rPois  .         Spirit   .     (helmet restricted)
rElec  .         Reflect  .     d - +0 cloak
rCorr  .         Harm     .     (gloves unavailable)
MR     .....     NoTele   +     (boots unavailable)
Stlth  ..........               (no amulet)
                                (no ring)
                                (no ring)

@: berserking (expiring), very quick
A: unfitting armour, see invisible, herbivore 3, speed 3, slow metabolism 2
a: Renounce Religion


You were in the Dungeon.
You worshipped Dithmenos.
Dithmenos was noncommittal.
You were not hungry.

You visited 1 branch

Inventory:

Hand Weapons
 a - a +2 dagger (weapon)
 b - a +0 blowgun
 L - a +5 quick blade
Missiles
 e - 8 poisoned needles
 f - 2 curare-tipped needles
Armour
 c - a +0 robe (worn)
 d - a +0 cloak (worn)
Jewellery
 B - a +6 ring of dexterity
 C - a +6 ring of dexterity
 D - a +6 ring of intelligence
 E - a +6 ring of intelligence
 F - a +6 ring of strength
 G - a +6 ring of strength
Wands
 H - a wand of disintegration (7/24)
 I - a wand of iceblast (5/15)
 J - a wand of lightning (5/15)
 K - a wand of acid (5/15)
Scrolls
 m - 4 scrolls of blinking
 t - 4 scrolls of amnesia
 u - 3 scrolls of recharging
 v - 7 scrolls of fog
 w - a scroll of holy word
 x - 5 scrolls of identify
 y - 5 scrolls of remove curse
 z - 2 scrolls of fear
Potions
 h - 10 potions of curing
 i - 10 potions of heal wounds
 j - 6 potions of haste
 k - 7 potions of magic
 l - 2 potions of berserk rage
 n - 2 potions of brilliance
 o - 2 potions of invisibility
 p - 4 potions of resistance
 q - a potion of experience
 r - 5 potions of agility
 s - 5 potions of might
Comestibles
 g - 5 bread rations
 A - 42 fruits


   Skills:
 - Level 1.5 Fighting
 + Level 6.7 Short Blades
 - Level 2.0 Throwing
 + Level 8.4 Dodging
 * Level 13.5 Stealth


You had 4 spell levels left.
You didn't know any spells.

Dungeon Overview and Level Annotations

Branches:
Dungeon (1/1)

Altars:
Ashenzari
Cheibriados
Dithmenos
Elyvilon
Fedhas
Gozag
Hepliaklqana
Kikubaaqudgha
Makhleb
Nemelex Xobeh
Okawaru
Qazlal
Ru
Sif Muna
Trog
Uskayaw
Vehumet
Xom
Yredelemnul
Zin
The Shining One
Beogh
Jiyva
Lugonu


Innate Abilities, Weirdness & Mutations

You are very small and have problems with some larger weapons.
You are too small for most types of armour.
You have supernaturally acute eyesight. (SInv)
You are a herbivore.
You cover ground extremely quickly.
You need consume almost no food.


Message History

You have reached level 3!
Your experience leads to an increase in your attributes!
Your base attributes are Str 7, Int 12, Dex 17.
Increase (S)trength, (I)ntelligence, or (D)exterity?
You feel stronger.
You have reached level 4!
You have reached level 5!
You feel agile. The merfolk barely misses you.
You barely miss the merfolk. You puncture the merfolk!
The merfolk is lightly wounded.
The merfolk hits you with a trident.
* * * LOW HITPOINT WARNING * * *
You hit the merfolk.
The merfolk is lightly wounded.
You hit the merfolk but do no damage.
The merfolk is lightly wounded.
The merfolk hits you with a trident!
You die...

▓▓▓▓▓▓▓
▓.8©8.▓
▓.....▓
▓.=.:.▓
▓.m)..▓
▓..@..▓
▓..(..▓
▓▓▓▓▓▓▓


You could see a merfolk.

Vanquished Creatures
  A merfolk (D)
1 creature vanquished.

Notes
Turn   | Place    | Note
-------+----------+-------------------------------------------
     0 | D        | LORDOFBUTT the Spriggan Assassin began the quest for the Orb.
     0 | D        | Reached XP level 1. HP: 10/10 MP: 2/2
     0 | D        | Found a deep blue altar of Sif Muna.
     0 | D        | Found a sacrificial altar of Ru.
     0 | D        | Found a bloodstained altar of Trog.
     0 | D        | Found a stormy altar of Qazlal.
     0 | D        | Found an iron altar of Okawaru.
     0 | D        | Found a sparkling altar of Nemelex Xobeh.
     0 | D        | Found a blossoming altar of Fedhas.
     2 | D        | Found an ancient bone altar of Kikubaaqudgha.
     2 | D        | Found a viscous altar of Jiyva.
     2 | D        | Found a corrupted altar of Lugonu.
     2 | D        | Found a hazy altar of Hepliaklqana.
     2 | D        | Found a burning altar of Makhleb.
     2 | D        | Found an opulent altar of Gozag.
    59 | D        | Became a worshipper of Dithmenos the Shadowed
    75 | D        | Entered arena 1.
    75 | D        | Noticed a merfolk
    75 | D        | Noticed a merfolk
    86 | D        | Killed a merfolk
    86 | D        | Reached skill level 13 in Stealth
    86 | D        | Reached XP level 2. HP: 3/14 MP: 3/3
    86 | D        | Reached XP level 3. HP: 5/18 MP: 4/4
    86 | D        | Reached XP level 4. HP: 6/22 MP: 5/5
    86 | D        | Reached XP level 5. HP: 6/25 MP: 6/6
    88 | D        | HP: 1/37 [merfolk/trident (6)]
    90 | D        | Mangled by a merfolk

Vault maps used:
D:        sprint_v

Skill      XL: |  1 |
---------------+----+-----
Short Blades   | 6 |  6.7
Dodging        | 8 |  8.4
Stealth        | 13 | 13.5
Fighting       | |  1.5
Throwing       | |  2.0

Action                   |  1- 3 |  4- 6 || total
-------------------------+-------+-------++-------
Melee: Dagger            |     9 |     4 ||    13
  Use: Potion            |     1 |       ||     1
Dodge: Dodged            |     8 |     1 ||     9
